 Dungeon Sprint DCSS version 0.30-a0-223-gcb0039aa0c (webtiles) character file.

Game seed: 3919340951155334798

326 rocky1 the Carver (level 6, -1/53 HPs)
             Began as a Merfolk Gladiator on Oct 10, 2022.
             Killed by nerve-wracking pain
             ... invoked by Menkaure
              (10 damage)
             ... in the Dungeon (Sprint II: "The Violet Keep of Menkaure").
             The game lasted 00:00:32 (39 turns).

rocky1 the Carver (Merfolk Gladiator)                 Turns: 39, Time: 00:00:33

Health: -1/53      AC:  4    Str: 15    XL:     6   Next: 49%
Magic:  6/6        EV: 16    Int:  7    God:
Gold:   243        SH:  0    Dex: 17    Spells: 5/5 levels left

rFire   . . .      SeeInvis .    a - +0 long sword
rCold   . . .      Faith    .    (no shield)
rNeg    . . .      Spirit   .    b - +0 leather armour
rPois   .          Reflect  .    c - +0 helmet
rElec   .          Harm     .    (no cloak)
rCorr   .          Rampage  .    (no gloves)
Will    .....      NoTele   +    (no boots)
Stlth   +.........               (no amulet)
HPRegen 0.28/turn                (no ring)
MPRegen 0.10/turn                (no ring)

@: hasted, very quick
A: (nimble swimmer 2), mertail
a: no special abilities


You were in the Dungeon.
You visited 1 branch You collected 243 gold pieces.

Inventory:

Hand Weapons
 a - a +0 long sword (weapon)
Missiles
 d - 3 throwing nets (quivered)
 e - a javelin
Armour
 b - a +0 leather armour (worn)
 c - a +0 helmet (worn)
Scrolls
 k - a scroll of blinking
Potions
 i - 2 potions of magic
 j - a potion of berserk rage


   Skills:
 + Level 6.8 Fighting
 * Level 10.7 Long Blades
 - Level 2.0 Throwing
 + Level 4.3 Armour
 + Level 8.7 Dodging


You had 5 spell levels left.
You didn't know any spells.
Your spell library was empty.

Dungeon Overview and Level Annotations

Branches:
Dungeon (1/1)

Altars:

Annotations:
D Menkaure


Innate Abilities, Weirdness & Mutations

((You are very nimble when in or above water. (Stealth+, EV+, Speed+++)))
Your lower body shifts to a powerful aquatic tail in water.


Message History

The water moccasin misses you.
You miss the water moccasin.
The water moccasin is almost dead.
You feel sick.
You closely miss the water moccasin.
The water moccasin is almost dead.
You feel sick. The water moccasin barely misses you.
Menkaure mumbles some strange words.
Menkaure seems to speed up.
You barely miss the water moccasin.
The water moccasin is almost dead.
You feel sick. The water moccasin barely misses you.
You hit the water moccasin.
The water moccasin is almost dead.
You feel sick. The water moccasin bites you!
* * * LOW HITPOINT WARNING * * *
You barely miss the water moccasin.
The water moccasin is almost dead.
You feel sick.
The water moccasin bites you but does no damage.
You hit the water moccasin but do no damage.
The water moccasin is almost dead.
You feel sick. The water moccasin closely misses you.
You miss the water moccasin.
The water moccasin is almost dead.
You feel sick.
You barely miss the water moccasin.
The water moccasin is almost dead.
You feel sick.
The water moccasin completely misses you.
You feel better.
The water moccasin bites you but does no damage.
Menkaure calls on the powers of darkness!
Your body is wracked with pain!
* * * LOW HITPOINT WARNING * * *
You slash the water moccasin!
You kill the water moccasin!
Menkaure points at you and mumbles some strange words.
Pain shoots through your body!
You die...

## .# ### .##
#+###.##..#
##.##...#..#
+.<.'.#@'M.#
##.##.).#....#
#+###.##......~
### ~§....~
§~~~§.~ ~~~~~.~
≈≈~~~§~ §§≈≈~~~


You could see Menkaure (fast).

Vanquished Creatures
  A merfolk siren (D)
  A water moccasin (D)
2 creatures vanquished.

Notes
Turn   | Place    | Note
-------+----------+-------------------------------------------
     0 | D        | rocky1 the Merfolk Gladiator began the quest for the Orb.
     0 | D        | Reached XP level 1. HP: 16/16 MP: 1/1
     1 | D        | Noticed a merfolk siren
    18 | D        | Killed a merfolk siren
    19 | D        | Reached skill level 10 in Long Blades
    19 | D        | Reached XP level 2. HP: 10/29 MP: 2/2
    19 | D        | Reached XP level 3. HP: 12/35 MP: 3/3
    19 | D        | Reached XP level 4. HP: 14/41 MP: 4/4
    19 | D        | Reached XP level 5. HP: 16/47 MP: 5/5
    19 | D        | Reached XP level 6. HP: 18/53 MP: 6/6
    23 | D        | Noticed a water moccasin
    24 | D        | Noticed Menkaure
    39 | D        | Killed a water moccasin
    39 | D        | Killed from afar by Menkaure

Illustrated notes

Levels and vault maps discovered:
D:        the_violet_keep_of_menkaure [sprint2_stairs_cluster_1,
          sprint2_shoproom, sprint2_temple, sprint2_basic_supplies,
          sprint2_obstacle_7, sprint2_obstacle_3, sprint2_obstacle_4,
          sprint2_obstacle_2, sprint2_obstacle_1, sprint2_timed_cluster_1,
          sprint2_smallroom_cluster_1, sprint2_smallroom_final_cluster_1,
          sprint2_transparent_cluster_1, sprint2_second_timed_cluster_1,
          sprint2_sniper_area_1, sprint2_heavy_combat_area_1,
          sprint2_mutation_trap_area_1, sprint2_forest_area_1,
          sprint2_light_combat_area_1, sprint2_behind_water_1,
          sprint2_near_end_vault_1]

Skill      XL: |  1 |
---------------+----+-----
Fighting       | 6 |  6.8
Long Blades    | 10 | 10.7
Armour         | 4 |  4.3
Dodging        | 8 |  8.7
Throwing       | |  2.0

Action                   |  1- 3 |  4- 6 || total
-------------------------+-------+-------++-------
Melee: Long sword        |    14 |    12 ||    26
  Use: Potion            |     1 |     2 ||     3
Armor: Leather armour    |       |     2 ||     2
Dodge: Dodged            |       |     6 ||     6

Table legend: (Time is in decaauts)
 A = Elapsed time spent in this place.
 B = Non-inter-level travel time spent in this place.
 C = Inter-level travel time spent in this place.
 D = Time resting spent in this place.
 E = Time spent auto-exploring this place.
 F = Levels seen in this place.
 G = Mean time per level.
                   A        B        C        D        E       F      G
               +--------+--------+--------+--------+--------+-----+--------+
         Total |     29 |     29 |      0 |      0 |      0 |   1 |   29.0 |
       Dungeon |     29 |     29 |      0 |      0 |      0 |   1 |   29.0 |
               +--------+--------+--------+--------+--------+-----+--------+

Top non-repeatable levels by time:
       D: 29 daAuts
